 Dungeon Crawl Stone Soup version 0.27.1-1-g398f81649c (webtiles) character file.

Game seed: 14595757701733460346

15726 ugugthedestroyer the Cleaver (level 12, -1/108 HPs)
             Began as a Hill Orc Fighter on Sept 7, 2021.
             Was a High Priest of Beogh.
             Slain by a wolf spider (5 damage)
             ... on level 1 of the Spider Nest.
             The game lasted 00:51:38 (9063 turns).

ugugthedestroyer the Cleaver (Hill Orc Fighter)     Turns: 9063, Time: 00:51:39

Health: -1/108     AC: 13    Str: 24    XL:     12   Next: 30%
Magic:  12/12      EV:  9    Int:  8    God:    Beogh [*****.]
Gold:   741        SH: 12    Dex: 10    Spells: 11/11 levels left

rFire    . . .     SeeInvis .   y - +0 hand axe (vorpal)
rCold    . . .     Faith    .   c - +0 kite shield
rNeg     . . .     Spirit   .   b - +0 scale mail
rPois    .         Reflect  .   o - +0 helmet
rElec    .         Harm     .   k - +0 cloak
rCorr    .         Rampage  .   h - +0 pair of gloves
Will     .....                  (no boots)
Stlth    ..........             m - amulet of regeneration
HPRegen  1.28/turn              (no ring)
MPRegen  0.13/turn              (no ring)

@: very slightly contaminated, invisible
A: walk on water
a: Renounce Religion, Smiting, Recall Orcish Followers, Give Item to Named
Follower


You were on level 1 of the Spider Nest.
You worshipped Beogh.
Beogh was extremely pleased with you.
You visited 3 branches of the dungeon, and saw 13 of its levels.

You collected 741 gold pieces.

Inventory:

Hand Weapons
 a - a +0 war axe
 y - a +0 vorpal hand axe (weapon)
Missiles
 e - 5 throwing nets (quivered)
Armour
 b - a +0 scale mail (worn)
 c - a +0 kite shield (worn)
 h - a +0 pair of gloves (worn)
 k - a +0 cloak (worn)
 o - a +0 helmet (worn)
Jewellery
 m - an amulet of regeneration (around neck)
 z - a ring of poison resistance
 E - a ring of wizardry
Wands
 x - a wand of mindburst (21)
 I - a wand of flame (10)
Scrolls
 f - a scroll of teleportation
 g - 3 scrolls of identify
 i - 3 scrolls of magic mapping
 l - 2 scrolls of amnesia
 n - 3 scrolls of vulnerability
 p - 3 scrolls of fog
 s - a scroll of holy word
 t - a scroll of noise
 u - a scroll of acquirement {unknown}
 v - 2 scrolls of enchant weapon {unknown}
 w - a scroll of immolation {unknown}
 B - a scroll of brand weapon {unknown}
 D - a scroll of enchant armour {unknown}
 G - a scroll of silence {unknown}
Potions
 d - a potion of degeneration
 j - a potion of lignification
 r - a potion of berserk rage
 A - a potion of invisibility
 C - a potion of haste
 F - 2 potions of mutation
 H - a potion of might
Miscellaneous
 J - a piece from Xom's chessboard (15/15)


   Skills:
 + Level 10.6 Fighting
 + Level 14.5 Axes
 + Level 10.7 Armour
 - Level 1.1 Dodging
 + Level 11.2 Shields
 + Level 0.1 Invocations


You had 11 spell levels left.
You didn't know any spells.
Your spell library contained the following spells:

 Spells                   Type           Power      Damage    Failure   Level
 Airstrike                Air            0%         N/A       100%        4
 Summon Lightning Spire   Summ/Air       0%         N/A       100%        4
 Alistair's Intoxication  Tmut/Pois      0%         N/A       100%        5
 Borgnjor's Vile Clutch   Necr/Erth      0%         N/A       100%        5
 Lightning Bolt           Conj/Air       0%         1d11      100%        5
 Dispersal                Tloc           0%         N/A       100%        6
 Eringya's Noxious Bog    Tmut/Pois      0%         N/A       100%        6
 Disjunction              Tloc           0%         N/A       100%        8


Dungeon Overview and Level Annotations

Branches:
Dungeon (8/15)             Temple (0/1) D:4            Lair (3/6) D:8
 Shoals (0/4) Lair:3       Spider (2/4) Lair:3

Altars:
Ashenzari
Elyvilon
Fedhas
Qazlal
Trog
Xom
Zin
Beogh

Shops:
D:6 (

Annotations:
Lair:3 exclusion: 3 oklob plants


Message History

The redback bites Herok.
Something hits you. Something bites you but does no damage.
The redback bites Herok!
You block the spark wasp's attack.
The redback bites Herok!
Herok hits the redback with a +4 scimitar of chaos!!
The redback looks as sick as possible!
The tarantella barely misses Herok.
The redback bites Herok!
The redback misses Herok.
You climb upwards.
Reactivating autopickup.
There is a stone staircase leading down here.
What are your orders? t - Shout!
Orders for allies: a - Attack new target. r - Retreat! s - Stop attacking. g - Guard the area. f - Follow me.
Anything else - Cancel.
Okay, then.
You hit the spark wasp but do no damage.
Something closely misses Herok.
Something bites Herok but does no damage.
The spark wasp stings you! The spark wasp shocks you!
* * * LOW HITPOINT WARNING * * *
Herok hits the spark wasp but does no damage.
The spark wasp is poisoned.
Herok roars a battlecry!
Herok goes into a battle-frenzy!
You fade into invisibility!
Something barely misses Herok.
Something bites Herok!
The spark wasp stings you.
* * * LOW HITPOINT WARNING * * *
The spark wasp shocks you!
* * * LOW HITPOINT WARNING * * *
Something hits Herok.
Something barely misses Herok.
Herok hits the spark wasp with a +4 scimitar of chaos!!
The spark wasp's magic leaks into the air.
Herok hits the spark wasp but does no damage.
The spark wasp barely misses you.
You are very lightly contaminated with residual magic.
Okay, then.
You swap places.
Something hits you.
You die...

.?# #...#..# ...##
#...#### # ....##.#.#.##
#...##...#.### ##
######...#........#
#.##.#^.##.......##..#
##.......##..#.####.##
#.....##..#.....y####
.....##.....#.#o@o#
..#..####...#######
######.......#### #
###..........######
####.†.†)###..###....##
..##..##....#.........#
......##.#^##...##....#
...^...#.##.#..##....####
#...#...#.
##.##....#..^##


You could see a spark wasp (very poisoned, ally target) and 2 friendly orc
knights.

Vanquished Creatures
  A two-headed ogre (D:8)
  A wolf spider (Spider:1)
  2 redbacks (Spider:1)
  A tarantella (Spider:1)
  2 wyverns (D:8)
  8 yaks
  6 water moccasins
  An orc warrior (D:6)
  A necrophage (D:4)
  A sky beast (D:5)
  An ice beast (D:6)
  An ogre (D:4)
  4 bullfrogs
  3 scorpions (Lair:3)
  An orc priest (D:4)
  A centaur zombie (D:4)
  Crazy Yiuf (D:6)
  A hound (D:6)
  A bullfrog skeleton (D:4)
  2 iguanas
  An orc wizard (D:8)
  A hound skeleton (D:4)
  A howler monkey zombie (D:6)
  10 gnolls
  6 adders
  A shadow imp (D:7)
  An adder skeleton (D:4)
  3 worms
  3 dart slugs
  7 orcs
  5 endoplasms
  2 giant cockroaches (Lair:3)
  5 goblins
  3 hobgoblins
  A jackal (D:5)
  2 quokkas (D:3)
  3 ball pythons
  3 bats
  8 kobolds
  7 rats
  A bush (D:5)
114 creatures vanquished.

Vanquished Creatures (collateral kills)
  An emperor scorpion (Spider:1)
  Josephine (Spider:1)
  Harold (D:7)
  2 boulder beetles
  A dancing weapon (Lair:1)
  3 death yaks (Lair:3)
  The ghost of jimbles the Unseen, a journeyman SpEn of Ashenzari (Lair:1)
  Pikel (D:5)
  3 orb spiders (Spider:1)
  4 wolf spiders (Spider:1)
  Joseph (D:7)
  A black mamba (Lair:3)
  A torpor snail (Lair:2)
  3 demonic crawlers (Spider:1)
  2 cane toads
  A komodo dragon (Lair:3)
  2 jumping spiders (Spider:1)
  A hornet (D:8)
  4 dream sheep (Lair:2)
  5 wraiths (Spider:1)
  7 redbacks (Spider:1)
  3 yaks (D:8)
  3 tarantellas (Spider:1)
  4 wyverns
  A steam dragon (D:7)
  7 water moccasins
  An orc warrior (D:6)
  A black bear (D:8)
  2 sky beasts
  2 necrophages
  An ice beast (D:5)
  4 wolves (Lair:3)
  A lemure (D:5)
  5 bullfrogs
  2 scorpions
  2 wyvern zombies
  3 wights (D:8)
  3 hounds
  A jelly (D:7)
  A centaur zombie (D:5)
  A bullfrog zombie (D:7)
  A bullfrog skeleton (D:6)
  A centaur skeleton (D:6)
  An iguana (D:5)
  6 orc wizards
  A killer bee zombie (D:7)
  2 gnolls (D:7)
  A white imp (D:7)
  5 orcs
  2 jackals (D:5)
  A quokka (D:5)
  3 bushes (D:5)
118 creatures vanquished.

Vanquished Creatures (others)
  An orc knight (Spider:1)
  An orc priest (Lair:3)
  An orc warrior (D:8)
  An orc wizard (Lair:3)
  7 orcs
  16 fungi
  40 plants
  9 withered plants (D:1)
76 creatures vanquished.

Grand Total: 308 creatures vanquished

Notes
Turn   | Place    | Note
-------+----------+-------------------------------------------
     0 | D:1      | ugugthedestroyer the Hill Orc Fighter began the quest for
                  | the Orb.
     0 | D:1      | Reached XP level 1. HP: 19/19 MP: 1/1
   693 | D:1      | Found a faded altar of an unknown god.
   721 | D:1      | Became a worshipper of Beogh the Brigand
   721 | D:1      | Reached * piety under Beogh
   848 | D:1      | Reached XP level 2. HP: 27/27 MP: 2/2
  1076 | D:2      | Reached skill level 3 in Axes
  1133 | D:2      | Reached XP level 3. HP: 31/33 MP: 3/3
  1143 | D:2      | Reached XP level 4. HP: 12/40 MP: 4/4
  1705 | D:2      | Reached skill level 4 in Axes
  1814 | D:2      | Reached ** piety under Beogh
  2315 | D:3      | Found a white marble altar of Elyvilon.
  2366 | D:4      | Noticed a bullfrog
  2376 | D:4      | Reached XP level 5. HP: 47/47 MP: 5/5
  2423 | D:4      | Reached skill level 5 in Axes
  2423 | D:4      | Reached XP level 6. HP: 15/53 MP: 6/6
  2435 | D:4      | Noticed a necrophage
  2447 | D:4      | Killed a necrophage
  2448 | D:4      | Reached skill level 1 in Dodging
  2552 | D:4      | Found a blossoming altar of Fedhas.
  2629 | D:4      | Found a staircase to the Ecumenical Temple.
  2878 | D:4      | Reached skill level 5 in Fighting
  2878 | D:4      | Reached skill level 6 in Axes
  2878 | D:4      | Reached skill level 5 in Shields
  2878 | D:4      | Reached XP level 7. HP: 38/61 MP: 7/7
  2947 | D:4      | Found a broken altar of Ashenzari.
  2962 | D:4      | Found a stormy altar of Qazlal.
  2969 | D:4      | Reached *** piety under Beogh
  3205 | D:5      | Entered Level 5 of the Dungeon
  3343 | D:5      | Noticed Pikel
  3350 | D:5      | Killed Pikel
  3351 | D:5      | Reached skill level 8 in Axes
  3351 | D:5      | Reached skill level 5 in Armour
  3351 | D:5      | Reached XP level 8. HP: 69/69 MP: 8/8
  4004 | D:6      | Reached skill level 9 in Axes
  4023 | D:6      | Found a glowing silver altar of Zin.
  4032 | D:6      | Found a bloodstained altar of Trog.
  4077 | D:6      | Found Hameuhe's Weapon Emporium.
  4111 | D:6      | Reached XP level 9. HP: 67/75 MP: 9/9
  4151 | D:6      | Gained Herok as an ally
  4183 | D:6      | Reached skill level 10 in Axes
  4190 | D:6      | Reached **** piety under Beogh
  4228 | D:6      | Found a runed translucent door.
  4229 | D:6      | Noticed Crazy Yiuf
  4237 | D:6      | Killed Crazy Yiuf
  4381 | D:7      | Noticed Harold
  4393 | D:7      | Killed Harold
  4879 | D:7      | Noticed Joseph
  4888 | D:7      | Killed Joseph
  4889 | D:7      | Reached skill level 11 in Axes
  5181 | D:8      | Noticed a hornet
  5186 | D:8      | Killed a hornet
  5274 | D:8      | Reached XP level 10. HP: 55/86 MP: 10/10
  5285 | D:8      | Found a staircase to the Lair.
  5453 | D:8      | Noticed a two-headed ogre
  5466 | D:8      | Killed a two-headed ogre
  5467 | D:8      | Reached skill level 12 in Axes
  5845 | Lair:1   | Entered Level 1 of the Lair of Beasts
  6031 | Lair:1   | Noticed a cane toad
  6039 | Lair:1   | Killed a cane toad
  6357 | Lair:1   | Found a runed translucent door.
  6357 | Lair:1   | Found a shimmering altar of Xom.
  6357 | Lair:1   | Noticed jimbles's ghost (journeyman SpEn)
  6358 | Lair:1   | Noticed a +4 scimitar of chaos
  6365 | Lair:1   | Killed a +4 scimitar of chaos
  6370 | Lair:1   | Killed jimbles's ghost
  6696 | Lair:2   | Noticed a torpor snail
  6710 | Lair:2   | Killed a torpor snail
  6711 | Lair:2   | Reached XP level 11. HP: 95/95 MP: 11/11
  7354 | Lair:3   | Found a staircase to the Shoals.
  7457 | Lair:3   | Noticed a boulder beetle
  7458 | Lair:3   | Found a hole to the Spider Nest.
  7465 | Lair:3   | Reached skill level 13 in Axes
  7516 | Lair:3   | Killed a boulder beetle
  7519 | Lair:3   | Reached skill level 10 in Shields
  7536 | Lair:3   | Reached ***** piety under Beogh
  7660 | Lair:3   | Noticed a death yak
  7660 | Lair:3   | Noticed a death yak
  7661 | Lair:3   | Noticed a death yak
  7670 | Lair:3   | Killed a death yak
  7674 | Lair:3   | Killed a death yak
  7682 | Lair:3   | Killed a death yak
  8008 | Lair:3   | Noticed an oklob plant
  8008 | Lair:3   | Noticed an oklob plant
  8064 | Lair:3   | Noticed an oklob plant
  8089 | Spider:1 | Entered Level 1 of the Spider Nest
  8101 | Spider:1 | Noticed a wolf spider
  8103 | Spider:1 | Killed a wolf spider
  8104 | Spider:1 | Reached skill level 10 in Armour
  8149 | Spider:1 | Noticed an orb spider
  8150 | Spider:1 | Noticed a wolf spider
  8160 | Spider:1 | Killed a wolf spider
  8163 | Spider:1 | Killed an orb spider
  8167 | Spider:1 | Noticed an orb spider
  8172 | Spider:1 | Reached skill level 14 in Axes
  8180 | Spider:1 | Killed an orb spider
  8180 | Spider:1 | Gained Herok as an ally
  8183 | Spider:1 | Reached skill level 10 in Fighting
  8210 | Spider:1 | Noticed an orb spider
  8219 | Spider:1 | Killed an orb spider
  8234 | Spider:1 | Noticed a wolf spider
  8241 | Spider:1 | Reached XP level 12. HP: 60/106 MP: 12/12
  8339 | Spider:1 | Noticed an emperor scorpion
  8347 | Spider:1 | Noticed Josephine
  8349 | Spider:1 | Killed an emperor scorpion
  8357 | Spider:1 | Killed Josephine
  8437 | Spider:1 | Noticed a boulder beetle
  8450 | Spider:1 | Killed a boulder beetle
  9056 | Spider:2 | Noticed a spark wasp
  9062 | Spider:1 | HP: 3/108 [spark wasp (16)]
  9063 | Spider:1 | Slain by a wolf spider

Illustrated notes

Levels and vault maps discovered:
D:1:      dpeg_arrival_more_subterranean_lakeside_camping, layout_loops_ring,
          shapermc_ecumenical_altar_flowoftime, serial_co_window_serial,
          co_window_corner_a, co_window_paths_a, co_window_paths_b,
          co_window_paths_b, co_window_paths_a, co_window_of_opportunity_b,
          co_window_broadway_a, co_window_unsneaky_path_a, co_window_paths_c,
          co_window_of_opportunity_b, co_window_4corner_b, co_window_4corner_a,
          glass_columns_a
D:2:      layout_loops_ring, ebering_dispersal_statue_hall,
          minmay_misc_feat_columns, minmay_crystal_room
D:3:      layout_rooms, mainiacjoe_overflow_swirl
D:4:      layout_loops_ring, mainiacjoe_overflow_surrounded_room,
          mainiacjoe_overflow_big_doors, minmay_temple_entry_overgrown
D:5:      layout_cave_pools, minmay_hedge_maze, grunt_decor_clamped, uniq_pikel
D:6:      layout_basic, minitemple, serial_shops, kennysheep_little_box,
          lightli_minifort, uniq_crazy_yiuf_cottage
D:7:      layout_gridville, uniq_joseph, uniq_harold
D:8:      layout_gridville, minmay_lair_entry_grove
Lair:1:   layout_roguey, ebering_ghost_xom, grunt_megastairs_5
Lair:2:   layout_regular_city
Lair:3:   layout_roguey, shoals_dummy_entry, nicolae_spider_entry_non_spiders,
          chequers_serial_rivers_large_b, disabler_island,
          minmay_lair_oklob_chamber
Spider:1: layout_spider_delve, uniq_josephine
Spider:2: layout_spider_delve, hangedman_spider_mandibles, nicolae_crawler_farm

Skill      XL: |  1  2  3  4  5  6  7  8  9 10 11 12 |
---------------+-------------------------------------+-----
Fighting       | 4 5 6 7 8 10 | 10.6
Axes           | 3 4 5 6 8 9 11 12 14 | 14.5
Shields        | 4 5 6 8 9 10 11 | 11.2
Armour         | 4 5 6 7 9 10 | 10.7
Dodging        | 1 |  1.1
Invocations    | |  0.1

Action                   |  1- 3 |  4- 6 |  7- 9 | 10-12 || total
-------------------------+-------+-------+-------+-------++-------
Melee: War axe           |    68 |   159 |   187 |       ||   414
       Hand axe          |       |       |    41 |   255 ||   296
Invok: Recall Orcish Fol |       |       |       |     1 ||     1
       Give Item to Name |       |       |       |     1 ||     1
  Use: Potion            |     2 |     4 |     1 |     5 ||    12
       Scroll            |       |     2 |       |     9 ||    11
 Stab: Distracted        |       |       |       |     2 ||     2
       Confused          |       |       |       |     2 ||     2
Armor: Scale mail        |    23 |    74 |    67 |    75 ||   239
       Skin              |       |    27 |       |       ||    27
Dodge: Dodged            |    11 |    75 |    54 |    63 ||   203
Block: Kite shield       |    31 |   117 |    89 |   144 ||   381
